Map: Traitor's Exile

Players

Armageddon

  • Race: Zerg Zerg
  • League: Platinum
  • Spawn Location: 6:00

DeathFang

  • Race: Zerg Zerg
  • League: Gold
  • Spawn Location: 5:00

MonstroTown

  • Race: Terran Terran
  • Spawn Location: 12:00

Michael

  • Race: Zerg Zerg
  • Spawn Location: 9:00

VOD

Have the link to the VOD?

Description

Time

  • Played on: Aug. 31, 2018, 10:54 p.m.
  • Length: 10:36
Show
View Real Time Build Order
Export as new Build Order

Armageddon Zerg 

Build Orders: Pool First 

Get SALT Encoding   

  12  0:01  Drone  
  13  0:13  Overlord  
  13  0:18  Drone  
  14  0:31  Drone  
  14  0:32  Drone  
  17  0:35  Drone  
  17  0:49  Spawning Pool, Drone  
  17  0:57  Drone  
  18  1:08  Drone  
  18  1:11  Extractor  
  18  1:18  Drone  
  19  1:29  Drone  
  20  1:34  Hatchery  
  20  1:36  Queen  
  21  1:40  Drone  
  22  1:53  Overlord  
  22  1:56  Extractor  
  21  2:10  Roach Warren  
  21  2:12  Queen  
  22  2:18  Drone  
  22  2:19  Drone  
  24  2:24  Metabolic Boost  
  24  2:50  Zergling x6  
  27  3:01  Zergling x4  
  27  3:02  Zergling x2  
  30  3:07  Zergling x4  
  32  3:25  Drone  
  32  3:26  Drone x3  
  36  3:30  Overlord  
  36  3:32  Lair  
  36  3:36  Evolution Chamber  
  33  4:02  Zergling x12  
  38  4:13  Zergling x4  
  35  4:30  Drone  
  34  4:51  Zergling x8  
  37  4:58  Zergling x4  
  37  4:59  Zergling x4  
  40  5:05  Zerg Ground Armor Level 1  
  38  5:11  Evolution Chamber  
  36  5:19  Spore Crawler  
  35  5:22  Spore Crawler  
  32  5:49  Zergling x12  
  37  5:50  Zergling x6  
  38  6:01  Zerg Missile Weapons Level 1, Spire  
  38  6:02  Roach x4  
  38  6:03  Overlord  
  42  6:06  Overseer  
  41  6:15  Drone  
  41  6:23  Drone  
  40  6:51  Zergling x4  
  40  6:52  Zergling x4  
  42  6:57  Roach  
  44  7:08  Ravager  
  36  7:26  Drone x3  
  36  7:27  Drone x3  
  34  7:37  Hatchery  
  33  7:51  Mutalisk x3  
  33  7:52  Mutalisk x2  
  43  8:05  Roach x3  
  48  8:08  Zergling x6  
  51  8:15  Spine Crawler  
  51  8:18  Spine Crawler  
  46  8:45  Drone x4  
  50  8:55  Drone x3  
  53  8:58  Queen, Drone  
  56  9:29  Ravager  
  57  9:32  Overlord x2  
  57  9:33  Overlord x2  
  54  10:00  Roach, Mutalisk  
  54  10:01  Mutalisk, Roach x2  
  54  10:02  Zergling x2  
  54  10:03  Drone x3, Zergling x2  
  54  10:04  Drone  
  70  10:09  Drone x2  
  70  10:10  Drone x2  
Show
View Real Time Build Order
Export as new Build Order

DeathFang Zerg 

Build Orders: Pool First 

Get SALT Encoding   

  12  0:01  Drone  
  13  0:10  Drone  
  14  0:18  Overlord  
  14  0:36  Drone x3  
  17  0:53  Spawning Pool  
  17  0:54  Extractor, Drone  
  16  1:01  Drone  
  17  1:10  Drone  
  18  1:19  Drone  
  19  1:32  Hatchery  
  18  1:34  Drone  
  19  1:43  Queen  
  21  1:49  Overlord  
  21  1:57  Metabolic Boost  
  21  2:01  Zergling x2  
  22  2:10  Overlord  
  22  2:14  Zergling x2  
  23  2:24  Drone  
  24  2:38  Drone  
  25  2:48  Drone  
  25  2:49  Drone  
  27  2:53  Queen  
  27  2:58  Hatchery, Drone x2  
  30  2:59  Drone  
  31  3:07  Drone x2  
  31  3:09  Drone  
  34  3:24  Drone  
  34  3:25  Drone  
  36  3:27  Overlord, Drone  
  37  3:39  Lair  
  37  3:40  Queen  
  39  3:46  Zergling x4  
  41  4:00  Zergling x8  
  41  4:02  Drone  
  46  4:07  Extractor  
  45  4:10  Extractor  
  45  4:14  Drone x2  
  45  4:15  Overlord  
  45  4:16  Drone x4  
  50  4:40  Overlord, Drone x2  
  50  4:41  Drone x5  
  50  4:54  Spore Crawler  
  50  4:55  Spore Crawler  
  50  4:59  Queen  
  46  5:07  Spore Crawler  
  45  5:20  Queen  
  45  5:23  Drone x5  
  45  5:24  Drone  
  45  5:25  Drone  
  52  5:41  Zergling x10  
  52  5:42  Zergling x4, Spore Crawler  
  53  6:23  Drone x7  
  53  6:24  Overlord, Drone x3  
  53  6:25  Drone x2  
  64  6:32  Hydralisk Den  
  64  6:37  Overseer x3  
  51  7:03  Hydralisk x6  
  51  7:05  Drone x2  
  51  7:06  Drone  
  64  7:26  Grooved Spines  
  64  7:27  Hydralisk x2  
  64  7:29  Zergling x14  
  74  7:37  Spore Crawler  
  73  7:51  Infestation Pit  
  70  8:02  Hydralisk  
  70  8:03  Hydralisk x3  
  70  8:04  Zergling x12  
  70  8:05  Zergling x4  
  63  8:16  Zergling x10  
  63  8:30  Hydralisk x4  
  63  8:32  Zergling x12  
  69  8:46  Hive  
  69  8:53  Extractor, Hydralisk  
  69  8:54  Zergling x2  
  69  8:55  Overlord, Zergling x6  
  74  9:15  Hydralisk  
  74  9:18  Overlord  
  74  9:19  Overlord x4  
  74  9:20  Zergling x2  
  75  9:31  Overlord  
  75  9:32  Overlord x3  
  70  9:44  Hatchery  
  64  9:46  Hydralisk x2  
  66  9:56  Zergling x4  
  66  9:57  Hatchery  
  67  10:17  Hatchery  
Show
View Real Time Build Order
Export as new Build Order

MonstroTown Terran 

Build Orders: 1/1/1, Banshee Rush 

Get SALT Encoding   

  12  0:01  SCV  
  13  0:13  SCV  
  14  0:19  Supply Depot  
  14  0:25  SCV  
  15  0:36  Refinery  
  15  0:41  SCV  
  16  0:47  Barracks  
  16  0:53  SCV  
  17  0:58  Refinery  
  17  1:10  SCV  
  18  1:22  SCV  
  19  1:34  Reaper  
  19  1:35  Orbital Command  
  20  1:41  Factory  
  20  2:01  SCV  
  21  2:13  SCV  
  22  2:20  Barracks Reactor  
  22  2:25  SCV  
  22  2:26  Factory Tech Lab  
  22  2:29  Starport  
  23  2:47  Supply Depot  
  23  3:05  Factory Tech Lab  
  23  3:08  SCV  
  23  3:12  Barracks  
  24  3:17  Banshee  
  26  3:20  SCV  
  26  3:23  Cloaking Field  
  27  3:28  Supply Depot  
  27  3:35  SCV  
  27  3:41  Command Center  
  28  3:58  Marine x2  
  28  4:00  Barracks Tech Lab, Banshee  
  28  4:01  Barracks  
  33  4:10  Hellion  
  35  4:19  Engineering Bay  
  33  5:20  Marine  
  33  5:21  Marine  
  35  5:23  Barracks Reactor  
  35  5:24  Stimpack  
  35  5:25  Siege Tank  
  38  5:42  Command Center  
  35  6:29  Marine x4  
  35  6:31  Marine  
  31  7:01  Marine x3  
  31  7:02  Marine x2  
  31  7:04  Banshee  
  39  7:16  Siege Tank  
  39  7:19  Marine x4  
  42  7:39  Marine x5  
  42  7:42  Terran Infantry Weapons Level 1  
  47  7:51  Siege Tank  
  46  8:27  Marine x2  
  46  8:28  Marine x3  
  42  8:40  Missile Turret  
  31  8:44  Missile Turret, Orbital Command  
  31  8:45  Marine x3  
  34  8:49  SCV  
  32  9:01  SCV  
  33  9:04  Supply Depot  
  33  9:06  Supply Depot  
  33  9:07  Bunker  
  33  9:09  Supply Depot  
  33  9:10  Marine  
  33  9:11  Marine x4  
  33  9:13  SCV  
  39  9:19  SCV  
  40  9:25  SCV  
  40  9:28  Marine x2  
  43  9:31  SCV  
  43  9:37  SCV  
  38  9:51  Marine x3  
  38  9:52  Marine  
  38  9:53  Marine  
  28  10:09  Marine x2  
  28  10:10  Marine  
  28  10:11  Marine  
Show
View Real Time Build Order
Export as new Build Order

Michael Zerg 

Build Orders: Hatch First 

Get SALT Encoding   

  12  0:01  Drone  
  13  0:13  Overlord  
  13  0:18  Drone  
  14  0:31  Drone x2  
  14  0:35  Drone  
  17  0:45  Drone  
  18  0:58  Hatchery  
  18  1:01  Drone  
  18  1:05  Extractor  
  18  1:07  Drone  
  18  1:20  Spawning Pool  
  17  1:30  Drone x2  
  19  1:39  Drone  
  20  1:49  Overlord  
  20  2:08  Queen  
  22  2:11  Queen  
  22  2:15  Drone x3  
  26  2:23  Drone x2  
  26  2:29  Metabolic Boost  
  28  2:37  Roach Warren  
  27  2:46  Drone  
  27  2:47  Drone x3  
  31  2:53  Queen  
  33  3:01  Queen  
  33  3:04  Drone  
  36  3:09  Overlord  
  36  3:13  Overlord  
  36  3:30  Extractor, Drone x3  
  36  3:31  Evolution Chamber  
  36  3:32  Drone  
  36  3:33  Drone x2  
  40  3:38  Lair  
  40  3:45  Roach x2  
  44  3:49  Roach  
  46  4:02  Zergling x10  
  35  4:13  Spine Crawler  
  30  4:27  Roach  
  30  4:28  Roach x2  
  30  4:29  Roach  
  34  4:40  Queen  
  36  4:50  Drone  
  36  4:51  Drone x2  
  38  4:54  Drone  
  33  5:12  Roach x3  
  39  5:18  Drone x3  
  42  5:24  Drone  
  42  5:25  Drone  
  42  5:27  Drone  
  43  5:35  Roach x3  
  47  5:36  Glial Reconstitution  
  47  5:39  Zerg Ground Armor Level 1  
  44  5:47  Spine Crawler  
  39  5:52  Drone x2  
  39  5:53  Spine Crawler  
  28  6:06  Queen  
  31  6:11  Roach x3  
  30  6:19  Zergling x2  
  30  6:20  Zergling x4  
  16  6:38  Roach x2  
  11  7:00  Roach x4  
  11  7:01  Roach x2  
  21  7:10  Spawning Pool  
  20  7:16  Roach  
  22  7:24  Drone  
  22  7:26  Drone  
  24  7:47  Drone  
  25  7:55  Drone  
  26  7:59  Drone  
  26  8:00  Drone x4  
  26  8:02  Drone  
  28  8:28  Drone  
  28  8:29  Drone x4  
  33  8:40  Spore Crawler  
  32  8:41  Spore Crawler  
  32  8:47  Spore Crawler  
  30  8:50  Spore Crawler  
  29  8:57  Spore Crawler  
  28  9:16  Queen  
  22  9:18  Queen  
  22  9:21  Drone  
  21  9:25  Drone  
  21  9:29  Drone  
  23  9:33  Drone  
  23  9:36  Drone  
  25  9:40  Drone  
  25  9:44  Drone  
  27  9:47  Drone  
  28  9:56  Zergling x6  
  31  10:06  Zergling x2  
  36  10:07  Zergling x8  
  36  10:14  Overlord  
  36  10:15  Roach Warren  
Tags
 
Add a new tag
Caveats
  • Supply blocks, unpowered buildings, or Contaminate may cause inaccurate times.
  • Supply counts are checked every 10 seconds.